DBL
CLEVELAND SPIDERS @ MINNESOTA TWINS
04/07/1997
 
TOP OF THE 1ST
Cleveland Spiders batting - Pitching for Minnesota Twins : RHP Pedro Astacio
Pitching: RHP Pedro Astacio
Batting: LHB Darryl Strawberry 0-0: Ball
1-0: Ball
2-0: SOLO HOME RUN (Flyball, 7LD, EV 89.4 MPH), Distance : 359 ft
Batting: SHB Tomas Perez 0-0: Called Strike
0-1: Ball
1-1: Ground out U3 (Groundball, 34S, EV 70.6 MPH)
Batting: RHB Kevin Mitchell 0-0: Ball
1-0: Ball
2-0: Ball
3-0: Called Strike
3-1: SINGLE (Groundball, 56D, EV 105.6 MPH)
Batting: SHB Todd Hundley 0-0: Called Strike
0-1: Ball
1-1: Called Strike
1-2: Ball
2-2: Fly out, F2 (Popup, 23F, EV 83.1 MPH)
Batting: LHB Raul Ibanez 0-0: Called Strike
0-1: Fly out, F7 (Flyball, 7S, EV 96.9 MPH)
Top of the 1st over - 1 run, 2 hits, 0 errors, 1 left on base; Cleveland 1 - Minnesota 0
BOTTOM OF THE 1ST
Minnesota Twins batting - Pitching for Cleveland Spiders : RHP Bob Sebra
Pitching: RHP Bob Sebra
Batting: LHB Darin Erstad 0-0: Ball
1-0: Foul Ball, location: 2F
1-1: Bunted foul
1-2: Fly out, F9 (Flyball, 89S, EV 90.6 MPH)
Batting: LHB Kal Daniels 0-0: Called Strike
0-1: Ball
1-1: Called Strike
1-2: Ball
2-2: Hit by Pitch
Batting: RHB Frank Thomas 0-0: Ball
1-0: Called Strike
Kal Daniels steals 2nd base
1-1: Ball
2-1: Foul Ball, location: 2F
2-2: Ball
3-2: Base on Balls
Batting: LHB Larry Walker 0-0: Ball
1-0: Ball
2-0: Fly out, F9 (Flyball, 9, EV 90.6 MPH)
Batting: RHB Koji Akiyama 0-0: Swinging Strike
0-1: Foul Ball, location: 2F
0-2: Strikes out swinging
Bottom of the 1st over - 0 runs, 0 hits, 0 errors, 2 left on base; Cleveland 1 - Minnesota 0
TOP OF THE 2ND
Cleveland Spiders batting - Pitching for Minnesota Twins : RHP Pedro Astacio
Batting: SHB Howard Johnson 0-0: Called Strike
0-1: Foul Ball, location: 2F
0-2: Ball
1-2: Strikes out swinging
Batting: RHB Bernard Gilkey 0-0: Ball
1-0: Ground out 4-3 (Groundball, 4, EV 100.6 MPH)
Batting: RHB Marquis Grissom 0-0: Called Strike
0-1: Ball
1-1: Ground out 5-3 (Groundball, 56, EV 83.8 MPH)
Top of the 2nd over - 0 runs, 0 hits, 0 errors, 0 left on base; Cleveland 1 - Minnesota 0
BOTTOM OF THE 2ND
Minnesota Twins batting - Pitching for Cleveland Spiders : RHP Bob Sebra
Batting: RHB Brook Fordyce 0-0: Ball
1-0: DOUBLE (Line Drive, 89XD, EV 108.1 MPH)
Batting: SHB Brent Gates 0-0: Called Strike
0-1: Ball
1-1: Foul Ball, location: 2F
1-2: Ball
2-2: Foul Ball, location: 2F
2-2: Ground out U3 (Groundball, 34, EV 81.9 MPH)
Brook Fordyce to third
Batting: RHB Mark Grudzielanek 0-0: Ground out 1-3 (Groundball, P, EV 71.3 MPH)
Batting: RHB Rey Ordonez 0-0: Ball
1-0: Ball
2-0: Reached on error, E6 (Groundball, 6, EV 100.6 MPH)
Brook Fordyce scores
Batting: LHB Darin Erstad 0-0: Called Strike
Rey Ordonez steals 2nd base
0-1: Ball
1-1: Ball
2-1: Ball
3-1: Fly out, F8 (Line Drive, 8RD, EV 90.6 MPH)
Bottom of the 2nd over - 1 run, 1 hit, 1 error, 1 left on base; Cleveland 1 - Minnesota 1
TOP OF THE 3RD
Cleveland Spiders batting - Pitching for Minnesota Twins : RHP Pedro Astacio
Batting: RHB Billy Ripken 0-0: Called Strike
0-1: Foul Ball, location: 2F
0-2: Ball
1-2: Ball
2-2: Ball
3-2: Fly out, F8 (Flyball, 8LD, EV 88.1 MPH)
Batting: LHB Darryl Strawberry 0-0: SOLO HOME RUN (Flyball, 89XD, EV 100.0 MPH), Distance : 408 ft
Batting: SHB Tomas Perez 0-0: Ball
1-0: Called Strike
1-1: Swinging Strike
1-2: Ball
2-2: Ground out 3-1 (Groundball, 34, EV 96.9 MPH)
Batting: RHB Kevin Mitchell 0-0: Swinging Strike
0-1: Foul Ball, location: 2F
0-2: Ball
1-2: Ball
2-2: Ball
3-2: Strikes out looking
Top of the 3rd over - 1 run, 1 hit, 0 errors, 0 left on base; Cleveland 2 - Minnesota 1
BOTTOM OF THE 3RD
Minnesota Twins batting - Pitching for Cleveland Spiders : RHP Bob Sebra
Batting: LHB Kal Daniels 0-0: Foul Ball, location: 2F
0-1: Ball
1-1: Fly out, F7 (Flyball, 7, EV 85.6 MPH)
Batting: RHB Frank Thomas 0-0: Ball
1-0: Called Strike
1-1: Called Strike
1-2: Foul Ball, location: 2F
1-2: Ball
2-2: Foul Ball, location: 2F
2-2: Ground out 5-3 (Groundball, 56S, EV 81.9 MPH)
Batting: LHB Larry Walker 0-0: SOLO HOME RUN (Flyball, 9LD, EV 93.1 MPH), Distance : 361 ft
Batting: RHB Koji Akiyama 0-0: Called Strike
0-1: Called Strike
0-2: Ball
1-2: SINGLE (Groundball, 6MD, EV 103.1 MPH)
Batting: RHB Brook Fordyce 0-0: Ball
1-0: Called Strike
1-1: Ball
2-1: Foul Ball, location: 2F
2-2: Foul Ball, location: 2F
2-2: Ball
3-2: Foul Ball, location: 2F
3-2: Strikes out swinging
Bottom of the 3rd over - 1 run, 2 hits, 0 errors, 1 left on base; Cleveland 2 - Minnesota 2
TOP OF THE 4TH
Cleveland Spiders batting - Pitching for Minnesota Twins : RHP Pedro Astacio
Batting: SHB Todd Hundley 0-0: Ball
1-0: Ball
2-0: Called Strike
2-1: Called Strike
2-2: Foul Ball, location: 2F
2-2: Strikes out swinging
Batting: LHB Raul Ibanez 0-0: Called Strike
0-1: Called Strike
0-2: Ball
1-2: Foul Ball, location: 2F
1-2: Ball
2-2: SINGLE (Line Drive, 56D, EV 96.3 MPH)
Batting: SHB Howard Johnson 0-0: Ball
1-0: Swinging Strike
1-1: Ball
2-1: Ball
3-1: Called Strike
3-2: Strikes out looking
Batting: RHB Bernard Gilkey 0-0: Called Strike
0-1: Fielders Choice at 2nd, 5-4 (Groundball, 56, EV 84.4 MPH)
Top of the 4th over - 0 runs, 1 hit, 0 errors, 1 left on base; Cleveland 2 - Minnesota 2
BOTTOM OF THE 4TH
Minnesota Twins batting - Pitching for Cleveland Spiders : RHP Bob Sebra
Batting: SHB Brent Gates 0-0: Ball
1-0: Swinging Strike
1-1: Ball
2-1: Ball
3-1: Called Strike
3-2: Base on Balls
Batting: RHB Mark Grudzielanek 0-0: Called Strike
0-1: Called Strike
0-2: Ball
1-2: Foul Ball, location: 2F
1-2: Foul Ball, location: 2F
1-2: Grounds into double play, 4-6-3 (Groundball, 4, EV 106.3 MPH)
Batting: RHB Rey Ordonez 0-0: Called Strike
0-1: Ground out 2-3 (Groundball, 15S, EV 73.8 MPH)
Bottom of the 4th over - 0 runs, 0 hits, 0 errors, 0 left on base; Cleveland 2 - Minnesota 2
TOP OF THE 5TH
Cleveland Spiders batting - Pitching for Minnesota Twins : RHP Pedro Astacio
Batting: RHB Marquis Grissom 0-0: Swinging Strike
0-1: Called Strike
0-2: Fly out, F8 (Flyball, 8RS, EV 78.8 MPH)
Batting: RHB Billy Ripken 0-0: Called Strike
0-1: SINGLE (Line Drive, 56, EV 100.6 MPH)
Batting: LHB Darryl Strawberry 0-0: Swinging Strike
0-1: Foul Ball, location: 2F
0-2: Strikes out looking
Batting: SHB Tomas Perez 0-0: Ball
1-0: Ball
2-0: Fly out, F5 (Line Drive, 5, EV 70.0 MPH)
Top of the 5th over - 0 runs, 1 hit, 0 errors, 1 left on base; Cleveland 2 - Minnesota 2
BOTTOM OF THE 5TH
Minnesota Twins batting - Pitching for Cleveland Spiders : RHP Bob Sebra
Batting: LHB Darin Erstad 0-0: Called Strike
0-1: Ball
1-1: Ball
2-1: SINGLE (Line Drive, 8RS, EV 94.4 MPH)
Batting: LHB Kal Daniels 0-0: Ball
1-0: Fly out, F9 (Flyball, 9S, EV 88.1 MPH)
Batting: RHB Frank Thomas 0-0: Ball
1-0: Foul Ball, location: 2F
1-1: Ball
2-1: Foul Ball, location: 2F
2-2: Ball
Wild Pitch!
Darin Erstad to second
3-2: Ground out 4-3 (Groundball, 34, EV 91.3 MPH)
Darin Erstad to third
Batting: LHB Larry Walker 0-0: Ground out 4-3 (Groundball, 4, EV 108.1 MPH)
Bottom of the 5th over - 0 runs, 1 hit, 0 errors, 1 left on base; Cleveland 2 - Minnesota 2
TOP OF THE 6TH
Cleveland Spiders batting - Pitching for Minnesota Twins : RHP Pedro Astacio
Batting: RHB Kevin Mitchell 0-0: Foul Ball, location: 2F
0-1: Foul Ball, location: 2F
0-2: Ball
1-2: Ball
2-2: Ground out 6-3 (Groundball, 6, EV 84.4 MPH)
Batting: SHB Todd Hundley 0-0: Ball
1-0: Swinging Strike
1-1: Ball
2-1: Ball
3-1: SINGLE (Groundball, 4D, EV 105.6 MPH)
Batting: LHB Raul Ibanez 0-0: DOUBLE (Line Drive, 7LS, EV 106.3 MPH)
Todd Hundley to third
Batting: SHB Howard Johnson 0-0: Ball
1-0: Swinging Strike
1-1: Foul Ball, location: 2F
1-2: Foul Ball, location: 2F
1-2: Ball
2-2: Strikes out swinging
Batting: RHB Bernard Gilkey 0-0: Called Strike
0-1: Ball
1-1: Called Strike
1-2: Foul Ball, location: 2F
1-2: Foul Ball, location: 2F
1-2: SINGLE (Flyball, 89M, EV 92.5 MPH)
Todd Hundley scores
Raul Ibanez to third
Runner from 3rd tries for Home, SAFE, throw by RF to home
Batting: RHB Marquis Grissom 0-0: Ball
1-0: SINGLE (Groundball, 56D, EV 99.4 MPH)
Bernard Gilkey to second
Batting: RHB Billy Ripken 0-0: Called Strike
0-1: Swinging Strike
0-2: Ball
1-2: Fielders Choice at 2nd, U6 (Groundball, 6M, EV 77.5 MPH)
Top of the 6th over - 2 runs, 4 hits, 0 errors, 2 left on base; Cleveland 4 - Minnesota 2
BOTTOM OF THE 6TH
Minnesota Twins batting - Pitching for Cleveland Spiders : RHP Bob Sebra
Batting: RHB Koji Akiyama 0-0: Foul Ball, location: 2F
0-1: Called Strike
0-2: Ball
1-2: Ball
2-2: Ball
3-2: Base on Balls
Batting: RHB Brook Fordyce 0-0: Sac Bunt to 25 - play at first, batter OUT! 5-3
Koji Akiyama to second
Batting: SHB Brent Gates 0-0: Ball
1-0: Foul Ball, location: 2F
1-1: Foul Ball, location: 2F
1-2: Ball
2-2: DOUBLE (Line Drive, 78M, EV 98.8 MPH)
Koji Akiyama scores
Batting: RHB Mark Grudzielanek 0-0: Called Strike
0-1: Ball
1-1: SINGLE (Line Drive, 8RS, EV 100.0 MPH)
Brent Gates to third
Runner from 3rd tries for Home, SAFE, throw by CF to home
Pitching: LHP Carlos Perez
Batting: RHB Rey Ordonez 0-0: SINGLE (Groundball, 56, EV 97.5 MPH)
Mark Grudzielanek to second
Batting: LHB Darin Erstad 0-0: Foul Ball, location: 2F
0-1: Bunt missed!
0-2: Foul Ball, location: 2F
0-2: Ball
1-2: Ball
2-2: Foul Ball, location: 2F
2-2: Ball
3-2: Foul Ball, location: 2F
3-2: Fly out, F8 (Flyball, 8RXD, EV 104.4 MPH)
Runner from 2nd tags up, SAFE at 3rd, no throw by CF
Batting: LHB Kal Daniels 0-0: Foul Ball, location: 2F
0-1: Ball
1-1: Ball
2-1: Called Strike
2-2: Strikes out swinging
Bottom of the 6th over - 2 runs, 3 hits, 0 errors, 2 left on base; Cleveland 4 - Minnesota 4
TOP OF THE 7TH
Cleveland Spiders batting - Pitching for Minnesota Twins : RHP Pedro Astacio
Batting: LHB Darryl Strawberry 0-0: Called Strike
0-1: Ball
1-1: Ball
2-1: Called Strike
2-2: Ball
3-2: Base on Balls
Pitching: RHP Jerry Spradlin
Batting: SHB Tomas Perez 0-0: Bunt missed!
0-1: Bunt missed!
0-2: DOUBLE (Line Drive, 8LXD, EV 112.5 MPH)
Darryl Strawberry to third
Batting: RHB Kevin Mitchell 0-0: Ball
1-0: Ball
2-0: Ball
3-0: Called Strike
3-1: Fly out, F7 (Line Drive, 7, EV 88.8 MPH)
Runner from 3rd tags up, SCORES, no throw by LF
Batting: SHB Todd Hundley 0-0: Ball
1-0: Ball
2-0: Foul Ball, location: 2F
2-1: Foul Ball, location: 2F
2-2: Ball
3-2: Base on Balls
Batting: LHB Raul Ibanez 0-0: Ball
1-0: Foul Ball, location: 2F
1-1: Ground out 4-3 (Groundball, 34D, EV 103.8 MPH)
Tomas Perez to third
Todd Hundley to second
Batting: SHB Howard Johnson 0-0: Called Strike
0-1: DOUBLE (Line Drive, 78D, EV 111.3 MPH)
Tomas Perez scores
Todd Hundley scores
Batting: RHB Bernard Gilkey 0-0: Swinging Strike
0-1: Ball
1-1: Foul Ball, location: 2F
1-2: Ball
2-2: Fly out, F8 (Flyball, 8LD, EV 91.9 MPH)
Top of the 7th over - 3 runs, 2 hits, 0 errors, 1 left on base; Cleveland 7 - Minnesota 4
BOTTOM OF THE 7TH
Minnesota Twins batting - Pitching for Cleveland Spiders : LHP Carlos Perez
Batting: RHB Frank Thomas 0-0: Ball
1-0: Fly out, F8 (Flyball, 78M, EV 94.4 MPH)
Batting: LHB Larry Walker 0-0: Ball
1-0: Called Strike
1-1: Fly out, F9 (Flyball, 89S, EV 81.3 MPH)
Batting: RHB Koji Akiyama 0-0: Called Strike
0-1: Ball
1-1: Ball
2-1: Called Strike
2-2: Foul Ball, location: 2F
2-2: Fly out, F8 (Line Drive, 8RM, EV 101.9 MPH)
Bottom of the 7th over - 0 runs, 0 hits, 0 errors, 0 left on base; Cleveland 7 - Minnesota 4
TOP OF THE 8TH
Cleveland Spiders batting - Pitching for Minnesota Twins : RHP Jerry Spradlin
Batting: RHB Marquis Grissom 0-0: Called Strike
0-1: Swinging Strike
0-2: Strikes out swinging
Batting: RHB Billy Ripken 0-0: Ball
1-0: Ground out 6-3 (Groundball, 6M, EV 80.6 MPH)
Batting: LHB Darryl Strawberry 0-0: Foul Ball, location: 2F
0-1: Ball
1-1: Foul Ball, location: 2F
1-2: Foul Ball, location: 2F
1-2: Ball
2-2: Ball
3-2: Base on Balls
Pitching: LHP Gene Walter
Batting: SHB Tomas Perez 0-0: Foul Ball, location: 2F
0-1: Ball
1-1: Ground out 1-3 (Groundball, 34S, EV 94.4 MPH)
Top of the 8th over - 0 runs, 0 hits, 0 errors, 1 left on base; Cleveland 7 - Minnesota 4
BOTTOM OF THE 8TH
Minnesota Twins batting - Pitching for Cleveland Spiders : LHP Carlos Perez
Batting: RHB Brook Fordyce 0-0: Ground out U3 (Groundball, 34, EV 86.9 MPH)
Batting: SHB Brent Gates 0-0: Ball
1-0: Foul Ball, location: 2F
1-1: Called Strike
1-2: Ball
2-2: Ball
3-2: Fly out, F9 (Line Drive, 9, EV 85.6 MPH)
Batting: RHB Mark Grudzielanek 0-0: Foul Ball, location: 2F
0-1: Swinging Strike
0-2: SINGLE (Line Drive, 56, EV 100.0 MPH)
Batting: RHB Rey Ordonez 0-0: Ball
1-0: Ground out 4-3 (Groundball, 4S, EV 89.4 MPH)
Bottom of the 8th over - 0 runs, 1 hit, 0 errors, 1 left on base; Cleveland 7 - Minnesota 4
TOP OF THE 9TH
Cleveland Spiders batting - Pitching for Minnesota Twins : LHP Gene Walter
Batting: RHB Kevin Mitchell 0-0: Ball
1-0: Called Strike
1-1: Ball
2-1: SINGLE (Groundball, 34D, EV 108.1 MPH)
Batting: SHB Todd Hundley 0-0: Swinging Strike
0-1: Swinging Strike
0-2: Ball
1-2: Ball
2-2: Grounds into double play, 5-4-3 (Groundball, 56, EV 78.1 MPH)
Batting: LHB Raul Ibanez 0-0: Called Strike
0-1: Fly out, F9 (Flyball, 9S, EV 90.6 MPH)
Top of the 9th over - 0 runs, 1 hit, 0 errors, 0 left on base; Cleveland 7 - Minnesota 4
BOTTOM OF THE 9TH
Minnesota Twins batting - Pitching for Cleveland Spiders : LHP Carlos Perez
Now at 1B: Roberto Petagine
Batting: LHB Darin Erstad 0-0: Ball
1-0: SINGLE (Line Drive, 6D, EV 105.0 MPH)
Batting: LHB Kal Daniels 0-0: Fly out, F7 (Flyball, 7, EV 80.6 MPH)
Batting: RHB Frank Thomas 0-0: Ball
1-0: Ball
2-0: Called Strike
2-1: Foul Ball, location: 2F
2-2: Fly out, F9 (Flyball, 8RM, EV 94.4 MPH)
Batting: LHB Larry Walker 0-0: Ball
1-0: Called Strike
1-1: Ball
2-1: Foul Ball, location: 2F
2-2: Foul Ball, location: 2F
2-2: Foul Ball, location: 2F
2-2: Strikes out swinging
Bottom of the 9th over - 0 runs, 1 hit, 0 errors, 1 left on base; Cleveland 7 - Minnesota 4
Thursday, January 22nd, 2026 - OOTP Baseball 20.8 Build 74